Map: [ESL] Dragon Scales

Players

spinstick

  • Race: Zerg Zerg
  • League: Silver
  • Spawn Location: 11:00

Cow (PiG) - Winner!

  • Race: Terran Terran
  • League: Grandmaster
  • Spawn Location: 5:00

VOD

https://www.youtube.com/playlist?list=PLOrKQEirgvjBrkg_LERyoNc_WYX2C2tgI

Description

Time

  • Played on: July 11, 2023, 7:28 p.m.
  • Length: 13:47
Show
View Real Time Build Order
Export as new Build Order

spinstick Zerg 

Build Orders: Pool First 

Get SALT Encoding   

  12  0:00  Drone  
  13  0:13  Overlord  
  13  0:17  Drone  
  14  0:31  Drone x2  
  14  0:35  Drone  
  17  0:46  Spawning Pool  
  17  0:47  Drone  
  17  0:53  Extractor  
  17  0:56  Drone  
  17  1:17  Hatchery  
  16  1:19  Drone  
  16  1:21  Drone  
  19  1:32  Drone  
  19  1:45  Drone  
  20  1:51  Overlord  
  20  1:57  Queen  
  22  2:10  Drone  
  23  2:17  Drone  
  24  2:26  Drone  
  25  2:35  Queen  
  27  2:38  Lair  
  27  2:43  Zergling x2  
  28  2:45  Zergling x2  
  29  2:55  Overlord x2  
  29  3:06  Drone x4  
  33  3:13  Overlord x2  
  33  3:16  Drone x2  
  35  3:32  Drone x2  
  37  3:45  Infestation Pit  
  37  3:46  Hatchery, Drone x5  
  37  3:47  Drone  
  41  3:57  Drone x4  
  45  4:08  Drone x2  
  47  4:21  Hive  
  47  4:27  Extractor  
  47  4:28  Extractor  
  47  4:29  Extractor, Drone x3  
  47  4:31  Drone x3  
  50  4:50  Drone x2  
  50  4:51  Drone  
  53  5:15  Queen  
  53  5:20  Drone x14  
  69  5:22  Overlord  
  69  5:26  Overseer  
  69  5:28  Overseer  
  69  5:30  Overseer  
  69  5:55  Nydus Network  
  68  5:58  Ultralisk Cavern  
  68  5:59  Zergling x24  
  68  6:02  Overlord x2  
  68  6:03  Overlord  
  79  6:20  Metabolic Boost  
  79  6:45  Ultralisk x3  
  97  6:48  Zergling x18  
  106  6:56  Baneling Nest  
  105  7:06  Zergling x2  
  105  7:08  Hatchery, Overlord x4  
  105  7:26  Ultralisk x2  
  117  7:46  Ultralisk  
  117  7:47  Zergling x8  
  117  7:48  Zergling x22  
  138  8:31  Nydus Canal  
  138  8:32  Zergling x10  
  138  8:33  Zergling x2  
  144  8:36  Overlord x4  
  144  8:49  Nydus Canal  
  138  8:58  Zergling x16  
  146  9:09  Adrenal Glands  
  146  9:10  Centrifugal Hooks  
  146  9:15  Zergling x6  
  149  9:29  Drone x6  
  154  9:31  Zergling x6  
  157  9:49  Zergling x6  
  157  9:52  Baneling x40  
  160  9:53  Baneling  
  159  10:05  Overseer x2  
  67  11:04  Zergling x12  
  67  11:05  Zergling x6  
  78  11:12  Queen x2  
  75  11:19  Spine Crawler  
  75  11:20  Spine Crawler  
  59  11:38  Zergling x12  
  58  11:50  Overseer  
  58  12:00  Zergling x8  
  62  12:22  Nydus Canal  
  60  12:25  Zergling x4  
  61  12:30  Spine Crawler  
  61  12:34  Spine Crawler  
  45  12:54  Nydus Canal  
  42  13:01  Spine Crawler  
  42  13:02  Spine Crawler  
  42  13:03  Spine Crawler  
  42  13:04  Spine Crawler  
  35  13:06  Spine Crawler  
Show
View Real Time Build Order
Export as new Build Order

Cow Terran - Winner!

Build Orders:  

Get SALT Encoding   

  12  0:01  SCV  
  13  0:13  SCV  
  14  0:18  Supply Depot  
  14  0:25  SCV  
  15  0:39  SCV  
  15  0:42  Barracks  
  16  0:46  Refinery  
  16  0:51  SCV  
  17  1:04  SCV  
  18  1:16  SCV  
  19  1:29  Orbital Command  
  19  1:30  Barracks Reactor  
  19  1:45  Command Center  
  19  1:56  SCV  
  20  2:09  Marine x2  
  20  2:10  Supply Depot  
  20  2:11  SCV  
  23  2:29  Factory  
  23  2:31  Marine x2, SCV  
  23  2:34  Refinery  
  26  2:42  Bunker  
  26  2:44  SCV  
  26  2:49  Marine x2  
  29  2:56  SCV  
  31  3:03  Orbital Command  
  30  3:08  SCV  
  30  3:11  Marine x2  
  33  3:15  Starport  
  33  3:20  SCV  
  34  3:33  SCV x2  
  36  3:37  Marine x2  
  36  3:40  Factory Tech Lab  
  38  3:45  SCV x2  
  40  3:50  Supply Depot  
  40  3:52  Supply Depot  
  40  3:55  Marine  
  41  3:57  SCV  
  41  3:58  SCV  
  43  4:08  Marine  
  43  4:09  SCV  
  45  4:10  SCV  
  45  4:12  Siege Tank  
  45  4:13  Marine  
  45  4:14  Supply Depot  
  45  4:15  Viking  
  52  4:22  SCV x2  
  54  4:26  Marine  
  55  4:42  SCV x2  
  55  4:45  Marine x2  
  58  4:47  Starport Reactor, Siege Tank  
  58  4:52  Supply Depot  
  62  4:53  Supply Depot  
  62  4:54  SCV x2  
  64  5:06  SCV  
  65  5:15  Barracks  
  65  5:17  Barracks  
  65  5:19  Barracks  
  65  5:20  Barracks  
  65  5:34  SCV x2  
  67  5:46  SCV  
  68  5:51  SCV  
  68  5:54  Marine x2  
  68  5:56  Siege Tank  
  74  5:57  Medivac  
  74  5:58  Medivac, SCV  
  74  5:59  Supply Depot x2  
  74  6:03  SCV  
  80  6:07  Barracks Tech Lab x2  
  80  6:08  Barracks Reactor x2  
  80  6:10  SCV  
  81  6:11  Engineering Bay  
  81  6:14  Refinery x2  
  81  6:15  SCV  
  82  6:27  Marauder  
  82  6:28  Marauder, Marine x2  
  82  6:29  Siege Tank  
  82  6:30  Medivac  
  93  6:47  Supply Depot  
  93  6:49  Supply Depot  
  93  7:01  Stimpack, Combat Shield  
  93  7:08  Marauder x2, Marine x5  
  99  7:09  Marine  
  99  7:13  Siege Tank  
  106  7:20  Supply Depot  
  106  7:22  Supply Depot  
  106  7:26  Marine x5  
  106  7:27  Terran Infantry Weapons Level 1  
  106  7:29  Marauder x2  
  115  7:41  Marine  
  115  7:43  Marine x2  
  115  7:44  Marine x3  
  118  7:45  Siege Tank  
  118  7:50  Marauder x2  
  128  7:52  Supply Depot  
  128  7:55  Medivac, Supply Depot  
  130  7:59  Marine  
  130  8:01  Marine x3  
  134  8:14  Marine x2, Marauder x2  
  134  8:16  Marine, Supply Depot  
  134  8:19  Marine x3  
  143  8:20  Siege Tank, Supply Depot  
  143  8:21  Medivac  
  149  8:32  Marine  
  150  8:38  Marine x5, Marauder  
  157  8:41  Marauder, Supply Depot  
  157  8:43  Supply Depot  
  157  8:55  Marine  
  157  8:59  Marine  
  157  9:00  Viking x2  
  157  9:02  Marine  
  164  9:12  Marine  
  164  9:13  Marine x5  
  170  9:17  Marauder  
  170  9:21  Marauder  
  174  9:30  Marine x5  
  179  9:31  Marine  
  180  9:39  Marauder  
  182  10:55  Marine x6, Marauder  
  182  10:56  Marauder  
  127  11:13  Marine  
  127  11:16  Marauder  
  127  11:17  Marine x5, Marauder  
  137  11:18  Siege Tank  
  137  11:19  Medivac x2  
  137  11:22  Terran Infantry Armor Level 1  
  137  11:24  Supply Depot  
  144  11:26  Supply Depot  
  144  11:30  Marine  
  145  11:34  Marine  
  145  11:35  Marine x4  
  145  11:38  Marauder x2  
  154  11:48  Marine  
  154  11:50  Siege Tank  
  154  11:52  Marine x5  
  163  11:57  Medivac x2  
  163  11:59  Marauder  
  163  12:00  Marauder  
  171  12:06  Marine  
  172  12:10  Marine x5  
  177  12:20  Marauder  
  177  12:21  Marauder  
  181  12:23  Siege Tank  
  181  12:24  Marine  
  181  12:27  Medivac  
  181  12:28  Marine x4  
  191  12:42  Marauder  
  181  12:55  Siege Tank  
  178  13:01  Marine  
  178  13:02  Marine x3  
  178  13:03  Marauder  
  186  13:19  Marine x4  
  185  13:24  Marine  
Tags
 
Add a new tag
Caveats
  • Supply blocks, unpowered buildings, or Contaminate may cause inaccurate times.
  • Supply counts are checked every 10 seconds.